 Dungeon Crawl Stone Soup version 0.27.1-33-g824d729ab1 (webtiles) character file.

Game seed: 2528315171637306484

2 comborobin the Sneak (level 1, 0/18 HPs)
             Began as a Demigod Delver on Dec 28, 2021.
             Slain by an orc (7 damage)
             ... on level 4 of the Dungeon.
             The game lasted 00:00:36 (214 turns).

comborobin the Sneak (Demigod Delver)                Turns: 214, Time: 00:00:37

Health: 0/18       AC:  4    Str: 13    XL:     1   Next: 20%
Magic:  3/3        EV: 11    Int: 12    God:
Gold:   0          SH:  0    Dex: 15    Spells: 0/0 levels left

rFire    . . .     SeeInvis .   a - +0 mace
rCold    . . .     Faith    .   (no shield)
rNeg     . . .     Spirit   .   b - +0 leather armour
rPois    .         Reflect  .   (no helmet)
rElec    .         Harm     .   (no cloak)
rCorr    .         Rampage  .   (no gloves)
Will     .....                  h - +0 pair of boots
Stlth    +++.......             (no amulet)
HPRegen  0.06/turn              (no ring)
MPRegen  0.08/turn              (no ring)

@: no status effects
A: high mp 1, forlorn
a: no special abilities


You were on level 4 of the Dungeon.
You visited 1 branch of the dungeon, and saw 3 of its levels.

Inventory:

Hand Weapons
 a - a +0 mace (weapon)
Armour
 b - a +0 leather armour (worn)
 d - +0 steam dragon scales
 h - a +0 pair of boots (worn)
Wands
 g - a wand of digging (3)
Scrolls
 c - a scroll of fog
 e - a scroll of fear
 i - a scroll of enchant weapon {unknown}
Potions
 f - 3 potions of haste


   Skills:
 - Level 2.6 Fighting
 + Level 2.0 Maces & Flails
 - Level 1.7 Dodging
 - Level 4.5 Stealth


You couldn't memorise any spells.
You didn't know any spells.
Your spell library was empty.

Dungeon Overview and Level Annotations

Branches:
Dungeon (6/15)
 Temple: D:4-7

Annotations:
D:5 exclusion: downstairs


Innate Abilities, Weirdness & Mutations

Your attributes grow dramatically as you level up.
You have an increased reservoir of magic. (+10% MP)
You shall have no god before yourself.


Message History

(D) Dungeon
Where to? (Enter - D:5 @ (x,y), ? - help)
(D) Dungeon
Where to? (Enter - D:5 @ (x,y), ? - help)
A river rat is nearby!
An orc comes into view. It is wielding a +0 hand axe.
The orc shouts!
The orc barely misses you.
You open the door. The orc misses you.
Found an escape hatch in the ceiling.
Found 16 gold pieces.
Found a pink potion.
You hear the slow rusting of a distant drain.
Found a broad axe.
There is an escape hatch in the ceiling here.
The orc hits you but does no damage. A mysterious force pulls you upwards.
The hatch slams shut behind you.
The orc wizard shouts!
The ball python hisses angrily.
The orc wizard shouts!
The orc shouts!
The orc wizard shouts!
Found steam dragon scales, 12 sling bullets and a green potion.
Found a stone staircase leading down.
You hit the orc.
The orc is severely wounded.
The orc hits you but does no damage.
You barely miss the orc.
The orc is severely wounded.
You hit the orc.
You kill the orc!
The orc hits you with a +0 flail! The orc wizard closely misses you.
Your Maces & Flails skill increases to level 2!
The orc completely misses you.
The orc wizard hits you with a +0 dagger.
The phantom barely misses you.
You see here +0 steam dragon scales.
Unknown command. d - +0 steam dragon scales The ball python closely misses you. x2
The orc wizard hits you but does no damage.
The orc hits you with a +0 flail!
You die...

##.......##
#.........#
#...>.....#
#.........#
##.........#
...........#
#......WS..#
#....oo@..#
#.....oo..#
#.....)o..#
#......!..#
##.......##
##.....##
#######


You could see a phantom, 3 orc wizards, 2 orcs and a ball python.

Vanquished Creatures
  An orc (D:4)
1 creature vanquished.

Notes
Turn   | Place    | Note
-------+----------+-------------------------------------------
     0 | D:5      | comborobin the Demigod Delver began the quest for the Orb.
     0 | D:5      | Reached XP level 1. HP: 18/18 MP: 3/3
    34 | D:5      | Noticed an orc priest
    48 | D:6      | Noticed a shadow
    48 | D:6      | Noticed an orc warrior
    48 | D:6      | Noticed an orc priest
    49 | D:6      | Noticed an orc wizard
   209 | D:4      | Noticed an orc wizard
   209 | D:4      | Noticed an orc wizard
   209 | D:4      | Noticed an orc wizard
   209 | D:4      | Noticed a phantom
   214 | D:4      | Slain by an orc

Illustrated notes

Levels and vault maps discovered:
D:4:      layout_rooms, minmay_temple_entry_large_hall, uniq_edmund,
          uniq_crazy_yiuf_cottage
D:5:      layout_basic, kb_xom_exploding_sheep, cheibrodos_sewer_entry_sluice
D:6:      layout_rooms, minmay_hollow_rounded_squares

Skill      XL: |  1 |
---------------+----+-----
Maces & Flails | 2 |  2.0
Fighting       | |  2.6
Dodging        | |  1.7
Stealth        | |  4.5

Action                   || total
-------------------------++-------
Melee: Mace              ||     3
  Use: Scroll            ||     1
Armor: Leather armour    ||     3
Dodge: Dodged            ||     7
